Map: Frozen Temple

Players

Gracz - Winner!

  • Race: Protoss Protoss
  • League: Bronze

StalkerArt

  • Race: Protoss Protoss
  • League: Bronze

VOD

Have the link to the VOD?

Description

Time

  • Played on: Sept. 18, 2016, 12:33 p.m.
  • Length: 14:53
Show
View Real Time Build Order
Export as new Build Order

Gracz Protoss - Winner!

Build Orders: 1 Gate Expand, Double Forge 

Get SALT Encoding   

  12  0:01  Probe (Chrono Boost)  
  13  0:15  Pylon  
  13  0:19  Probe (Chrono Boost)  
  14  0:29  Probe (Chrono Boost)  
  15  0:40  Probe (Chrono Boost)  
  16  0:44  Gateway  
  16  1:02  Probe (Chrono Boost)  
  17  1:12  Probe (Chrono Boost)  
  18  1:25  Nexus  
  18  1:26  Probe (Chrono Boost)  
  18  1:29  Pylon  
  19  1:43  Zealot  
  21  1:49  Assimilator  
  21  1:56  Cybernetics Core  
  21  2:00  Gateway  
  21  2:03  Probe (Chrono Boost)  
  22  2:10  Zealot  
  24  2:36  Pylon  
  24  2:38  Probe (Chrono Boost)  
  25  2:51  Assimilator  
  25  2:53  Probe x2 (Chrono Boost)  
  27  3:03  Probe (Chrono Boost)  
  27  3:04  Probe (Chrono Boost)  
  29  3:06  Pylon  
  29  3:10  Pylon  
  29  3:13  Pylon  
  29  3:17  Pylon  
  29  3:20  Pylon  
  29  3:23  Pylon  
  29  3:34  Zealot  
  31  3:51  Forge  
  31  3:52  Forge  
  31  3:59  Twilight Council  
  33  4:03  Probe x2 (Chrono Boost)  
  33  4:13  Probe x2 (Chrono Boost)  
  35  4:17  Stargate x2  
  35  4:22  Assimilator  
  35  4:24  Probe (Chrono Boost)  
  36  4:25  Assimilator, Probe (Chrono Boost)  
  37  4:33  Protoss Ground Weapons Level 1  
  37  4:34  Probe (Chrono Boost)  
  38  4:42  Probe (Chrono Boost)  
  38  4:45  Probe (Chrono Boost)  
  40  4:49  Warp Gate  
  40  4:54  Gateway  
  40  4:57  Gateway  
  40  5:13  Probe (Chrono Boost)  
  42  5:14  Probe (Chrono Boost)  
  42  5:24  Probe (Chrono Boost)  
  42  5:25  Fleet Beacon  
  42  5:27  Probe (Chrono Boost)  
  44  5:37  Cybernetics Core  
  44  5:39  Probe (Chrono Boost)  
  45  5:51  Pylon  
  45  5:53  Charge  
  45  5:55  Pylon  
  45  5:59  Pylon  
  45  6:12  Stargate  
  45  6:17  Protoss Ground Armor Level 1  
  45  6:18  Stargate  
  45  6:48  Nexus  
  45  6:51  Assimilator  
  45  6:53  Assimilator  
  45  6:57  Pylon, Probe (Chrono Boost)  
  45  6:58  Probe (Chrono Boost)  
  45  7:00  Pylon  
  47  7:02  Carrier  
  47  7:03  Carrier  
  47  7:04  Pylon  
  47  7:07  Probe (Chrono Boost)  
  60  7:10  Probe (Chrono Boost)  
  61  7:18  Probe (Chrono Boost)  
  61  7:21  Zealot x2  
  66  7:22  Zealot  
  66  7:23  Zealot  
  66  7:28  Protoss Shields Level 1  
  70  7:59  Carrier  
  70  8:02  Probe (Chrono Boost)  
  70  8:03  Probe (Chrono Boost)  
  70  8:04  Probe (Chrono Boost)  
  73  8:10  Protoss Ground Weapons Level 2  
  79  8:13  Probe (Chrono Boost)  
  79  8:14  Probe (Chrono Boost)  
  79  8:16  Probe (Chrono Boost)  
  82  8:28  Carrier  
  88  8:45  Gateway  
  88  8:48  Gateway  
  88  8:50  Gateway  
  88  8:53  Protoss Air Weapons Level 1, Protoss Air Armor Level 1  
  88  8:54  Graviton Catapult  
  88  9:05  Probe (Chrono Boost)  
  89  9:13  Carrier  
  89  9:15  Probe (Chrono Boost)  
  96  9:21  Zealot  
  96  9:22  Zealot  
  100  9:26  Probe (Chrono Boost), Zealot  
  105  9:38  Zealot  
  105  9:39  Mothership Core (Chrono Boost)  
  107  9:56  Carrier x2  
  114  10:25  Zealot  
  114  10:26  Protoss Ground Armor Level 2, Zealot x3  
  114  10:27  Zealot x3  
  128  10:31  Probe (Chrono Boost)  
  130  10:43  Probe (Chrono Boost)  
  126  10:55  Probe (Chrono Boost)  
  93  11:12  Zealot x3  
  93  11:14  Zealot x4  
  107  11:26  Pylon  
  107  11:35  Nexus  
  107  11:38  Assimilator  
  107  11:40  Assimilator  
  107  11:43  Pylon  
  108  12:08  Probe (Chrono Boost)  
  108  12:10  Probe x2 (Chrono Boost)  
  108  12:16  Zealot  
  108  12:17  Zealot x3  
  108  12:18  Zealot x3  
  108  12:19  Probe (Chrono Boost)  
  108  12:22  Probe x2 (Chrono Boost)  
  125  12:23  Carrier  
  125  12:29  Probe (Chrono Boost)  
  132  12:35  Mothership Core (Chrono Boost)  
  134  12:53  Probe x2 (Chrono Boost)  
  134  12:54  Probe (Chrono Boost)  
  134  12:55  Probe (Chrono Boost), Zealot x3  
  134  12:56  Zealot x3  
  157  13:06  Probe (Chrono Boost)  
  157  13:10  Zealot  
  159  13:43  Forge  
  159  13:46  Zealot  
  159  13:47  Zealot  
  159  13:48  Zealot x4  
  167  13:49  Zealot  
  173  13:57  Probe (Chrono Boost)  
  174  14:08  Probe (Chrono Boost)  
  187  14:18  Probe (Chrono Boost)  
  188  14:37  Probe (Chrono Boost)  
  187  14:39  Pylon  
Show
View Real Time Build Order
Export as new Build Order

StalkerArt Protoss 

Build Orders: Zealot Archon 

Get SALT Encoding   

  12  0:14  Probe (Chrono Boost)  
  13  0:25  Probe (Chrono Boost)  
  15  0:35  Probe (Chrono Boost)  
  15  0:40  Pylon  
  15  0:46  Pylon  
  15  0:57  Assimilator  
  15  1:01  Assimilator  
  15  1:09  Gateway  
  15  1:14  Gateway  
  15  1:25  Gateway  
  15  1:59  Pylon  
  15  2:10  Probe (Chrono Boost)  
  16  2:18  Cybernetics Core  
  16  2:20  Gateway, Probe (Chrono Boost)  
  17  2:23  Gateway  
  17  2:31  Probe (Chrono Boost)  
  18  2:42  Probe (Chrono Boost)  
  19  2:52  Probe (Chrono Boost)  
  20  3:03  Probe (Chrono Boost)  
  21  3:07  Warp Gate  
  21  3:13  Probe (Chrono Boost)  
  22  3:22  Gateway  
  22  3:24  Probe (Chrono Boost)  
  22  3:27  Gateway  
  23  3:29  Gateway  
  23  3:46  Pylon  
  23  3:53  Probe (Chrono Boost)  
  24  4:05  Pylon, Mothership Core (Chrono Boost)  
  24  4:07  Gateway  
  26  4:13  Gateway  
  26  4:18  Gateway  
  26  4:38  Gateway  
  26  4:42  Gateway  
  26  4:51  Pylon  
  26  5:33  Twilight Council  
  26  5:34  Zealot x2  
  26  5:35  Zealot x3  
  36  5:36  Zealot x2  
  40  6:00  Charge  
  40  6:05  Pylon  
  40  6:08  Pylon  
  40  6:20  Templar Archives  
  40  6:26  Zealot x3  
  46  6:51  Pylon  
  46  6:52  Stalker x2  
  46  6:53  Stalker  
  52  6:58  Stalker  
  54  7:26  Nexus  
  54  7:38  High Templar  
  54  7:39  High Templar  
  58  7:55  Archon  
  58  8:07  Sentry  
  58  8:12  Adept  
  62  8:13  Adept  
  62  8:14  Zealot x2  
  62  8:15  Zealot  
  70  8:52  Zealot x3  
  70  8:53  Zealot  
  78  9:02  Forge  
  78  9:04  Stalker  
  80  9:32  High Templar x2  
  80  9:35  Zealot x3  
  80  9:36  Zealot  
  92  9:45  Archon  
  92  10:21  Stalker x3  
  94  10:22  Stalker x2  
  33  11:13  Stalker x3  
  33  11:14  Zealot  
  33  11:15  Zealot  
  33  11:16  Sentry  
  33  11:17  Sentry  
  37  11:19  Stalker  
  23  12:02  Zealot x4  
  23  12:03  Zealot x4  
  39  12:22  High Templar x2  
  43  12:36  Archon  
  43  12:41  Zealot x2  
  43  12:42  Zealot x2  
  51  13:10  Stalker x3  
  51  13:11  Stalker  
  59  13:33  Zealot x3  
  65  13:45  High Templar  
  65  13:46  High Templar  
  69  13:52  Adept  
  71  14:09  Archon  
  71  14:14  Zealot x2  
  71  14:15  Zealot  
Tags
 
Add a new tag
Caveats
  • Supply blocks, unpowered buildings, or Contaminate may cause inaccurate times.
  • Supply counts are checked every 10 seconds.